 Dungeon Crawl Stone Soup version 0.18-a0-1782-gb76a692 (webtiles) character file.

262 barb4r1an the Ruffian (level 5, -1/53 HPs)
             Began as a Troll Monk on Apr 17, 2016.
             Slain by a gnoll
             ... wielding a +0 halberd
              (8 damage)
             ... on level 4 of the Dungeon.
             The game lasted 00:04:48 (1927 turns).

barb4r1an the Ruffian (Troll Monk)                  Turns: 1927, Time: 00:04:49

Health: -1/53      AC:  6    Str: 19    XL:     5   Next: 97%
Magic:  4/4        EV: 11    Int:  6    God:
Gold:   159        SH:  0    Dex: 13    Spells: 0 memorised, 4 levels left

rFire  . . .     SeeInvis .       - Unarmed
rCold  . . .     Gourm    +     a - +0 robe
rNeg   . . .     Faith    .     (no shield)
rPois  .         Spirit   .     (helmet restricted)
rElec  .         Dismiss  .     f - +0 cloak
rCorr  .         Reflect  .     (gloves unavailable)
SustAt .         Harm     .     (boots unavailable)
MR     .....                    (no amulet)
Stlth  +.........               (no ring)
                                (no ring)

@: not resistant to hostile enchantments, very unstealthy
A: unfitting armour, claws 3, fast metabolism 3, gourmand, regeneration 2,
shaggy fur 1, tough skin 2
a: no special abilities


You were on level 4 of the Dungeon.
You were very full.

You visited 1 branch of the dungeon, and saw 4 of its levels.

You collected 159 gold pieces.

Inventory:

Armour
 a - a +0 robe (worn)
 f - a +0 cloak (worn)
Jewellery
 h - an uncursed ring of ice {unknown}
 i - an uncursed ring of protection from fire {unknown}
 j - an uncursed ring of protection from magic {unknown}
 v - an uncursed ring of see invisible {unknown}
Scrolls
 c - 2 scrolls of magic mapping {unknown}
 d - 2 scrolls of random uselessness {unknown}
 e - a scroll of fear {unknown}
 m - a scroll of enchant armour {unknown}
 n - 3 scrolls of identify {unknown}
 q - a scroll of fog {unknown}
 s - a scroll of remove curse {unknown}
 t - a scroll of blinking {unknown}
 u - a scroll of recharging {unknown}
Potions
 g - a potion of haste {unknown}
 k - a potion of resistance {unknown}
 o - 3 potions of might {unknown}
 p - a potion of curing {unknown}
 r - a potion of lignification {unknown}
Comestibles
 b - 4 bread rations
 l - 3 meat rations
 w - a royal jelly
 x - 3 fruits


   Skills:
 + Level 3.2 Fighting
 + Level 2.1 Armour
 + Level 3.2 Dodging
 - Level 1.1 Stealth
 * Level 5.4 Unarmed Combat


You had 4 spell levels left.
You didn't know any spells.

Dungeon Overview and Level Annotations

Branches:
Dungeon (4/15)
 Temple: D:4-7

Altars:
Ashenzari
Nemelex Xobeh
Okawaru
Qazlal


Innate Abilities, Weirdness & Mutations

You are too large for most types of armour.
You have claws for hands.
Your metabolism is lightning-fast.
You like to eat raw meat.
You heal very quickly.
You are covered in fur (AC +1).
You have very tough skin (AC +2).


Message History

You claw the gnoll!
The gnoll is almost dead.
The gnoll hits you from afar with a halberd!
The gnoll barely misses you. The gnoll misses you.
You claw the gnoll!
You kill the gnoll!
The gnoll hits you but does no damage. The gnoll closely misses you.
You scratch the gnoll.
The gnoll is lightly wounded.
The giant gecko closely misses you. The gnoll hits you with a club.
The gnoll hits you from afar with a halberd!
* * * LOW HITPOINT WARNING * * *
You are too injured to fight recklessly!
You are too injured to fight recklessly!
The giant gecko bites you.
* * * LOW HITPOINT WARNING * * *
The giant gecko closely misses you. The gnoll barely misses you.
The gnoll barely misses you.
The gnoll hits you from afar with a halberd!
You die...

........#...........+
........#...........#
........#...........#
........###..##...### #
..........#..##g..####.##.
..........#...............
.........>#....g..........
..........#.....l.........
..........#.....@.##...###
..........#.......# #+##
..........#........#
..........'........#
..........##########
#######.... #.... #.....
#.....


You could see 2 gnolls and a giant gecko.

Vanquished Creatures
  A scorpion (D:3)
  An orc priest (D:3)
  2 worker ants
  A hound zombie (D:3)
  3 gnolls
  2 adders (D:2)
  An ooze (D:2)
  2 dart slugs
  4 giant geckos
  6 orcs (D:3)
  5 bats
  A giant cockroach (D:2)
  4 goblins
  15 hobgoblins
  2 quokkas
  A ball python (D:3)
  2 giant newts
  4 kobolds
  6 rats
63 creatures vanquished.

Notes
Turn   | Place    | Note
--------------------------------------------------------------
     0 | D:1      | barb4r1an the Troll Monk began the quest for the Orb.
     0 | D:1      | Reached XP level 1. HP: 22/22 MP: 0/0
   151 | D:1      | Reached XP level 2. HP: 20/29 MP: 1/1
   602 | D:1      | Reached XP level 3. HP: 36/36 MP: 2/2
   786 | D:2      | Reached skill level 1 in Armour
   832 | D:2      | Found a stormy altar of Qazlal.
  1107 | D:2      | Reached XP level 4. HP: 39/44 MP: 3/3
  1318 | D:3      | Found a sparkling altar of Nemelex Xobeh.
  1365 | D:3      | Reached XP level 5. HP: 46/52 MP: 4/4
  1374 | D:3      | Reached skill level 5 in Unarmed Combat
  1529 | D:3      | Found an iron altar of Okawaru.
  1704 | D:3      | Found a shattered altar of Ashenzari.
  1916 | D:4      | HP: 2/53 [gnoll/halberd (14)]
  1927 | D:4      | Slain by a gnoll

Vault maps used:
D:1:      dpeg_arrival_arbitrary_c
D:2:      nicolae_qazlal_general_emergency, first_bread
D:3:      nicolae_overflow_crystal_walls, old_standard_altar,
          lemuel_doored_altar
D:4:      yredelemnul_forgotten_temple_becter, temple_doors_d, uniq_pikel,
          uniq_blork_the_orc

Skill      XL: |  1  2  3  4  5 |
---------------+----------------+-----
Armour         | 1 2 |  2.1
Dodging        | 3 |  3.2
Unarmed Combat | 5 |  5.4
Fighting       | 3 |  3.2
Stealth        | |  1.1

Action                   |  1- 3 |  4- 6 || total
-------------------------+-------+-------++-------
Melee: Unarmed           |    84 |    86 ||   170
       Punch             |     1 |       ||     1
 Stab: Sleeping          |     3 |       ||     3
  Eat: Chunk             |     7 |    14 ||    21
Armor: Robe              |    26 |    20 ||    46
Dodge: Dodged            |    35 |    53 ||    88
